AoeStats
← [MNKD] Shelrak

Arena

510557318Analyzed
2v2 RM · 15h ago on Oct 1, 2026· 35m 50s· 4 players
Game mode
Random Map
Map size
Medium (4 player)
Population
200
Speed
Normal
Resources
Standard
Victory
Conquest
Starting age
Dark Age
Ending age
Imperial Age
RankedLock teamsTeams togetherTeam positionsShared explorationLock speedFull tech treeHidden civsTurbo modeCheats
Victory
Defeat
🇳🇴 Bohemians · Norway
1090
+38
🇫🇷 Byzantines · France
1049
+17
🇪🇸 Varangians · Spain
1171
-20
🇪🇸 Franks · Spain
991
-13
FauneMontagne91
10:37 Feudal Age
15:46 Castle Age
14:13 Horse Collar
14:20 Double-Bit Axe
18:36 Heavy Plow
24:30 Fletching
26:48 Scale Barding Armor
27:04 Husbandry
27:15 Elite Skirmisher
27:16 Crossbowman
29:46 Wheelbarrow
32:57 Chain Barding Armor
32:54 Hand Cart
35:12 Imperial Age
32:41 Bodkin Arrow
34:31 Ballistics
GodlySiege
9:56 Feudal Age
9:20 Loom
13:57 Castle Age
12:45 Double-Bit Axe
13:19 Horse Collar
15:34 Fervor
20:49 Bow Saw
20:43 Heavy Plow
21:29 Wheelbarrow
24:20 Chemistry
24:42 Padded Archer Armor
26:43 Wagenburg Tactics
31:46 Imperial Age
31:07 Leather Archer Armor
31:29 Forging
31:19 Scale Mail Armor
31:21 Pikeman
32:03 Squires
31:50 Arson
31:53 Houfnice
32:07 Halberdier
33:29 Iron Casting
36:57 Blast Furnace
36:12 Chain Mail Armor
36:57 Blast Furnace
[MNKD] Shelrak
5:24 Loom
12:02 Feudal Age
12:40 Double-Bit Axe
12:54 Horse Collar
19:07 Castle Age
19:36 Bloodlines
21:52 Bow Saw
22:00 Scale Barding Armor
22:50 Husbandry
25:47 Forging
36:14 Imperial Age
claran33
12:13 Feudal Age
12:52 Double-Bit Axe
17:55 Castle Age
17:51 Wheelbarrow
18:31 Scale Barding Armor
19:09 Stone Mining
19:10 Gold Mining
19:41 Forging
20:08 Bow Saw
20:40 Loom
22:02 Husbandry
22:40 Iron Casting
26:01 Gold Shaft Mining
26:42 Chain Barding Armor
34:59 Imperial Age
35:16 Cavalier
Connection lost

Rejoining the realm…

Still unreachable

The connection could not be restored.

Session expired

The server has moved on; the page needs a fresh start.